 Dungeon Crawl Stone Soup version 0.30-a0-595-g91969c0fa5 (webtiles) character file.

Game seed: 18228036046569896503

45 trm the Conjurer (level 3, -6/21 HPs)
             Began as an Octopode Conjurer on Jan 6, 2023.
             Blown up by Ijyb (14 damage)
             ... with a mindburst bolt
             ... on level 2 of the Dungeon.
             The game lasted 00:04:38 (1816 turns).

trm the Conjurer (Octopode Conjurer)                Turns: 1816, Time: 00:04:38

Health: -6/21      AC:  1    Str:  6    XL:     3   Next: 64%
Magic:  2/6        EV: 13    Int: 22    God:
Gold:   181        SH:  0    Dex: 10    Spells: 3/6 levels left

rFire   . . .      SeeInvis .    b - +2 dagger (speed)
rCold   . . .      Faith    .    (no shield)
rNeg    . . .      Spirit   .    (helmet restricted)
rPois   .          Reflect  .    (no amulet)
rElec   .          Harm     .    (no ring)
rCorr   .          Rampage  .    (no ring)
Will    .....                    (no ring)
Stlth   +++                      (no ring)
HPRegen 0.23/turn                (no ring)
MPRegen 0.10/turn                (no ring)
                                 (no ring)
                                 (no ring)

@: no status effects
A: almost no armour, amphibious, 8 rings, camouflage 1, gelatinous body 1,
(nimble swimmer 1), tentacles
a: no special abilities


You were on level 2 of the Dungeon.
You visited 1 branch of the dungeon, and saw 2 of its levels.

You collected 181 gold pieces.

Inventory:

Hand Weapons
 b - a +2 dagger of speed (weapon)
Missiles
 c - 2 boomerangs
 j - 5 poisoned darts
Magical Staves
 k - a staff of earth
Scrolls
 h - 2 scrolls of fog {unknown}
 i - 4 scrolls of identify {unknown}
 l - a scroll of enchant weapon {unknown}
 n - a scroll of magic mapping {unknown}
Potions
 a - a potion of magic
 d - 3 potions of curing {unknown}
 e - 2 potions of degeneration {unknown}
 f - a potion of brilliance {unknown}
 g - a potion of might {unknown}
 m - a potion of attraction {unknown}
 o - a potion of ambrosia {unknown}


   Skills:
 - Level 2.0 Dodging
 + Level 3.6 Stealth
 + Level 2.4 Spellcasting
 * Level 4.6 Conjurations


You had 3 spell levels left.
You knew the following spells:

 Your Spells              Type           Power      Damage    Failure   Level
a - Magic Dart            Conj           92%        1d7       1%          1
b - Searing Ray           Conj           46%        2d6       3%          2

Your spell library contained the following spells:

 Spells                   Type           Power      Damage    Failure   Level
 Dazzling Flash           Conj/Hex       26%        N/A       16%         3
 Fulminant Prism          Conj/Hex       6%         3d7       45%         4
 Iskenderun's Mystic Bla  Conj/Tloc      13%        2d5       45%         4


Dungeon Overview and Level Annotations

Branches:
Dungeon (2/15)

Altars:

Annotations:
D:2 Ijyb


Innate Abilities, Weirdness & Mutations

You cannot wear most types of armour.
You are amphibious.
You can wear up to eight rings at the same time.
Your skin changes colour to match your surroundings (Stealth+).
Your rubbery body absorbs attacks. (AC +1, EV +1)
((You are camouflaged when in or above water. (Stealth+)))
You have tentacles for arms and can constrict up to eight enemies at once.


Message History

There is a stone staircase leading down here.
You climb downwards.
Level annotation: Ijyb
Found a stone staircase leading down.
There is a stone staircase leading up here.
Ijyb screams, "Me stronger than you!"
Ijyb zaps a wand.
Your mind is blasted!
There is a stone staircase leading up here.
You climb upwards.
There is a stone staircase leading down here.
You start resting.
HP restored.
You climb downwards.
Level annotation: Ijyb
There is a stone staircase leading up here.
Ijyb is nearby!
Casting: Searing Ray (safe; 3% risk of failure)
Confirm with . or Enter, or press ? or * to list all spells.
Aiming: Searing Ray (safe; 3% risk of failure)
Press: ? - help, Shift-Dir - straight line, f - Ijyb
Aim: Ijyb, wielding a +0 dagger, wearing a +0 leather armour, wearing a +6 ring of dexterity and carrying a wand of mindburst (13) (72% to hit)
The searing ray hits Ijyb!
Ijyb is moderately wounded. (Press . to maintain the ray.)
The searing ray misses Ijyb.
The searing ray hits Ijyb.
Ijyb is heavily wounded.
You finish channelling your searing ray.
Casting: Searing Ray (safe; 3% risk of failure)
Confirm with . or Enter, or press ? or * to list all spells.
You don't have enough magic to cast this spell.
Ijyb zaps a wand.
Your mind is blasted!
Ouch! That really hurt!
Ijyb screams, "Get away!"
Ijyb zaps a wand.
Your mind is blasted!
Ouch! That really hurt!
You die...

#........####...#####....###..
.###........#
#..............#..
......#######
#...##......##.... #.#.#.#
#.#.###....###.... # #'#.#
#.#g.###..###..... ##.##. .
##.#...######...... ##...##.
..####.......# #.......
#.....##+ #....>......#
#......# ##...##
###...@....######...### ##.##
#.......###..###..# # #'+
#+##<..###....###.# ##.##
#...##......##.# ##...##
##.............### #..⌠..#
+.#######........ ##...##
######.....####### ##.##
#.†....##### +'# + #..#####


You could see Ijyb.

Vanquished Creatures
  4 ball pythons
  2 endoplasms
  A giant cockroach (D:2)
  13 goblins
  2 hobgoblins (D:1)
  3 jackals (D:1)
  3 quokkas (D:1)
  6 bats
  2 frilled lizards (D:1)
  A kobold (D:1)
  3 rats
40 creatures vanquished.

Notes
Turn   | Place    | Note
-------+----------+-------------------------------------------
     0 | D:1      | trm the Octopode Conjurer began the quest for the Orb.
     0 | D:1      | Reached XP level 1. HP: 11/11 MP: 3/3
   188 | D:1      | Reached XP level 2. HP: 17/17 MP: 0/5
   744 | D:1      | Reached XP level 3. HP: 21/21 MP: 4/6
   747 | D:1      | Learned a level 2 spell: Searing Ray
  1536 | D:2      | Noticed Ijyb
  1816 | D:2      | Blown up by Ijyb

Illustrated notes

Levels and vault maps discovered:
D:1:      saegor_arrival_miasma, layout_rooms, serial_bayou_pond_a,
          kennysheep_pointless_box
D:2:      kennysheep_the_goblin_king, layout_rooms, minivault_19,
          nicolae_hexahallways

Skill      XL: |  1 |
---------------+----+-----
Stealth        | 3 |  3.6
Dodging        | |  2.0
Spellcasting   | |  2.4
Conjurations   | |  4.6

Action                   || total
-------------------------++-------
Melee: Unarmed           ||     8
       Constrict         ||     3
       Tentacles         ||     2
       Dagger            ||     6
 Cast: Magic Dart        ||    61
       Searing Ray       ||     5
Armor: Skin              ||     2
Dodge: Dodged            ||    15

Table legend: (Time is in decaauts)
 A = Elapsed time spent in this place.
 B = Non-inter-level travel time spent in this place.
 C = Inter-level travel time spent in this place.
 D = Time resting spent in this place.
 E = Time spent auto-exploring this place.
 F = Levels seen in this place.
 G = Mean time per level.
                   A        B        C        D        E       F      G
               +--------+--------+--------+--------+--------+-----+--------+
         Total |   1816 |   1627 |    189 |    132 |   1256 |   2 |  908.0 |
       Dungeon |   1816 |   1627 |    189 |    132 |   1256 |   2 |  908.0 |
               +--------+--------+--------+--------+--------+-----+--------+

Top non-repeatable levels by time:
     D:1: 1364 daAuts
     D:2: 452 daAuts
